 Dungeon Crawl Stone Soup version 0.31-a0-366-ga77b45bd9b (webtiles) character file.

Game seed: 5530757129540707114

89 MacCMillion the Ruffian (level 4, -11/38 HPs)
             Began as a Draconian Shapeshifter on July 28, 2023.
             Mangled by Crazy Yiuf
             ... wielding a +3 quarterstaff of chaos
              (14 damage)
             ... on level 2 of the Dungeon.
             The game lasted 00:01:56 (1699 turns).

MacCMillion the Ruffian (Draconian Shapeshifter)    Turns: 1699, Time: 00:01:57

Health: -11/38     AC:  5    Str: 19    XL:     4   Next: 31%
Magic:  4/4        EV: 12    Int:  9    God:
Gold:   103        SH:  0    Dex: 11    Spells: 3/3 levels left

rFire   . .          .
                       - Unarmed
rCold   . . .        (no shield)
rNeg    . . .        (body armour unavailable)
rPois   .            (helmet currently unavailable)
rElec   .            (cloak currently unavailable)
rCorr   .            (gloves currently unavailable)
SInv    .            (boots currently unavailable)
Will    .....        (no amulet)
Stlth   +            (no ring)
HPRegen 0.26/turn    (no ring)
MPRegen 0.09/turn

%: no passive effects
@: beast-form
A: beast (slay +2), AC +5, unfitting armour, cold-blooded
a: Begin Untransformation


You were on level 2 of the Dungeon.
You were a hulking beast.
You visited 1 branch of the dungeon, and saw 2 of its levels.

You collected 103 gold pieces.

Inventory:

Missiles
 i - 6 atropa-tipped darts
Talismans
 b - a beast talisman
Wands
 m - a wand of charming (13)
Scrolls
 c - 2 scrolls of identify {unknown}
 e - 2 scrolls of amnesia {unknown}
 h - a scroll of revelation {unknown}
 j - a scroll of fog {unknown}
 k - a scroll of immolation {unknown}
 l - a scroll of noise {unknown}
Potions
 a - 3 potions of lignification
 d - 2 potions of curing {unknown}
 f - a potion of mutation {unknown}
 g - a potion of degeneration {unknown}


   Skills:
 + Level 3.0 Fighting
 - Level 2.0 Dodging
 + Level 4.0 Unarmed Combat
 - Level 3.1 Shapeshifting


You had 3 spell levels left.
You didn't know any spells.
Your spell library was empty.

Dungeon Overview and Level Annotations

Branches:
Dungeon (2/15)

Altars:

Annotations:
D:2 Crazy Yiuf


Innate Abilities, Weirdness & Mutations

You are a hulking beast.
Your limbs bulge with bestial killing power. (Slay +2)
Your plain brown scales are hard. (AC +5)
You cannot fit into any form of body armour.
You are cold-blooded and may be slowed by cold attacks.


Message History

A goblin is nearby!
A goblin is nearby!
The goblin unwields a +0 dagger.
The goblin wields a +0 sling.
The goblin shoots a sling bullet.
The sling bullet misses you.
The goblin shoots a sling bullet.
The sling bullet completely misses you.
The goblin unwields a +0 sling.
The goblin wields a +0 dagger.
The goblin misses you.
You hit the goblin. You tail-slap the goblin.
You kill the goblin!
No target in view!
No target in view!
e - 2 scrolls labelled NOAWESIUNOPH (gained 1)
m - a wand of charming (13)
You now have 103 gold pieces (gained 3).
Found a stone staircase leading down.
There is a stone staircase leading down here.
You see here 5 stones.
Crazy Yiuf shouts!
Key pressed, stopping explore.
Could not explore, unopened runed door.
As you open the door, it creaks loudly!
You barely miss Crazy Yiuf.
Crazy Yiuf hits you with a +3 quarterstaff of chaos!
Crazy Yiuf freezes you.
You are too injured to fight recklessly!
You hit Crazy Yiuf but do no damage.
Your tail-slap misses Crazy Yiuf.
Crazy Yiuf hits you with a +3 quarterstaff of chaos!
* * * LOW HITPOINT WARNING * * *
Crazy Yiuf freezes you.
* * * LOW HITPOINT WARNING * * *
You hit Crazy Yiuf.
Crazy Yiuf is moderately wounded.
Crazy Yiuf barely misses you.
You hit Crazy Yiuf.
Crazy Yiuf is severely wounded.
Crazy Yiuf laughs, "Sif Muna Hive down!"
Crazy Yiuf hits you with a +3 quarterstaff of chaos.
* * * LOW HITPOINT WARNING * * *
Space warps horribly around you!
You die...

#÷........####..# #
#.......#.#.....# #
#.......#>......####
###############.....
#.#### ♣♣♣♣♣### #.#
### ♣♣♣.♣..+.###.#
#...#♣..♣......##.#
#...gh♣♣♣♣........#
#)..#♣♣ ♣♣.+..####
### ♣♣####


You could see Crazy Yiuf.

Vanquished Creatures
  4 gnolls
  An adder (D:2)
  A ball python (D:1)
  2 endoplasms (D:1)
  5 giant cockroaches
  3 goblins
  2 hobgoblins (D:1)
  5 jackals (D:2)
  3 kobolds (D:1)
  A quokka (D:2)
  7 bats
  4 frilled lizards
  2 rats (D:1)
40 creatures vanquished.

Notes
Turn   | Place    | Note
-------+----------+-------------------------------------------
     0 | D:1      | MacCMillion the Draconian Shapeshifter began the quest for
                  | the Orb.
     0 | D:1      | Reached XP level 1. HP: 16/16 MP: 1/1
    32 | D:1      | Reached XP level 2. HP: 11/23 MP: 2/2
   385 | D:1      | Reached XP level 3. HP: 29/29 MP: 3/3
   993 | D:2      | Identified the +1 robe of Defiance {rElec rC+ Int-3 Dex+3}
  1239 | D:1      | Reached XP level 4. HP: 11/37 MP: 4/4
  1342 | D:2      | Reached skill level 4 in Unarmed Combat
  1456 | D:2      | Found a runed translucent door.
  1457 | D:2      | Noticed Crazy Yiuf
  1699 | D:2      | Mangled by Crazy Yiuf

Illustrated notes

Levels and vault maps discovered:
D:1:      lemuel_arrival_cross, layout_basic, nicolae_twisty_statue_hallways
D:2:      layout_basic, uniq_crazy_yiuf_cottage

Skill      XL: |  1  2  3  4 |
---------------+-------------+-----
Dodging        | 2 |  2.0
Fighting       | 2 3 |  3.0
Unarmed Combat | 4 |  4.0
Shapeshifting  | |  3.1

Action                     |  1- 3 |  4- 6 || total
---------------------------+-------+-------++-------
  Melee: Unarmed           |   106 |     9 ||   115
         Tailslap          |    11 |     3 ||    14
         Punch             |     1 |       ||     1
   Stab: Sleeping          |       |     1 ||     1
 Armour: Skin              |    34 |       ||    34
  Dodge: Dodged            |    70 |     5 ||    75

Table legend: (Time is in decaauts)
 A = Elapsed time spent in this place.
 B = Non-inter-level travel time spent in this place.
 C = Inter-level travel time spent in this place.
 D = Time resting spent in this place.
 E = Time spent auto-exploring this place.
 F = Levels seen in this place.
 G = Mean time per level.
                   A        B        C        D        E       F      G
               +--------+--------+--------+--------+--------+-----+--------+
         Total |   1693 |   1661 |     32 |    240 |   1161 |   2 |  846.5 |
       Dungeon |   1693 |   1661 |     32 |    240 |   1161 |   2 |  846.5 |
               +--------+--------+--------+--------+--------+-----+--------+

Top non-repeatable levels by time:
     D:1: 1084 daAuts
     D:2: 609 daAuts
